 Dungeon Crawl Stone Soup version 0.27.1-4-g1640c2035a (webtiles) character file.

Game seed: 5824272615368849935

275 Iepvzaeh the Poker (level 6, -4/55 HPs)
             Began as a Minotaur Berserker on Nov 1, 2021.
             Was a Believer of Trog.
             Killed by divine providence
             ... invoked by an orc priest
              (14 damage)
             ... on level 4 of the Dungeon.
             The game lasted 00:06:22 (2924 turns).

Iepvzaeh the Poker (Minotaur Berserker)             Turns: 2924, Time: 00:06:23

Health: -4/55      AC:  8    Str: 23    XL:     6   Next: 3%
Magic:  5/5        EV: 11    Int:  4    God:    Trog [**....]
Gold:   110        SH:  3    Dex: 10    Spells: 5/5 levels left

rFire    . . .     SeeInvis .   a - +0 spear
rCold    . . .     Faith    .   b - +0 buckler
rNeg     . . .     Spirit   .   k - +0 ring mail
rPois    .         Reflect  .   (helmet restricted)
rElec    .         Harm     .   p - +1 cloak
rCorr    .         Rampage  .   (no gloves)
Will     .....                  (no boots)
Stlth    +.........             (no amulet)
HPRegen  0.18/turn              (no ring)
MPRegen  0.09/turn              (no ring)

@: no status effects
A: horns 2, retaliatory headbutt
a: Renounce Religion, Berserk, Trog's Hand


You were on level 4 of the Dungeon.
You worshipped Trog.
Trog was pleased with you.
You visited 1 branch of the dungeon, and saw 4 of its levels.

You collected 110 gold pieces.

Inventory:

Hand Weapons
 a - a +0 spear (weapon)
Missiles
 f - 16 boomerangs (quivered)
Armour
 b - a +0 buckler (worn)
 k - a +0 ring mail (worn)
 p - a +1 cloak (worn)
Jewellery
 j - a ring of ice
Scrolls
 d - a scroll of vulnerability {unknown}
 g - 2 scrolls of acquirement {unknown}
 i - a scroll of noise {unknown}
 l - a scroll of identify {unknown}
 n - a scroll of brand weapon {unknown}
 o - 2 scrolls of teleportation {unknown}
Potions
 c - 2 potions of cancellation {unknown}
 e - a potion of degeneration {unknown}
 h - 2 potions of brilliance {unknown}
 m - a potion of haste {unknown}


   Skills:
 + Level 4.8 Fighting
 + Level 5.3 Polearms
 + Level 1.8 Throwing
 + Level 4.3 Armour
 + Level 3.1 Dodging
 + Level 0.2 Stealth


You had 5 spell levels left.
You didn't know any spells.
Your spell library was empty.

Dungeon Overview and Level Annotations

Branches:
Dungeon (4/15)
 Temple: D:4-7

Altars:
Yredelemnul


Innate Abilities, Weirdness & Mutations

You have a pair of horns on your head.
You reflexively headbutt those who attack you in melee.


Message History

The adder is moderately wounded.
The adder closely misses you.
You closely miss the adder. Your headbutt misses the adder.
The adder is moderately wounded.
The adder barely misses you.
You hit the adder.
The adder is severely wounded.
You block the hobgoblin's attack. The adder bites you but does no damage.
You hit the adder.
You kill the adder!
Trog accepts your kill. The hobgoblin closely misses you.
The hobgoblin hits you.
The orc priest calls down the wrath of Beogh upon you.
Beogh smites you!
You see here an adder corpse.
You hit the hobgoblin but do no damage.
A quokka skeleton comes into view.
The hobgoblin hits you but does no damage.
The orc priest invokes the aid of Beogh against you.
You barely resist. You barely miss the hobgoblin.
Your headbutt misses the hobgoblin. You block the hobgoblin's attack.
You barely miss the hobgoblin.
The orc priest mumbles some strange prayers to Beogh against you.
Pain shoots through your body! The hobgoblin closely misses you.
You hit the hobgoblin but do no damage. The hobgoblin hits you.
The orc priest invokes the aid of Beogh against you.
Beogh smites you!
* * * LOW HITPOINT WARNING * * *
The hobgoblin hits you but does no damage.
A ball python comes into view.
The ball python hisses angrily.
Found an escape hatch in the ceiling.
There is a stone staircase leading down here.
The hobgoblin closely misses you. You furiously retaliate!
You headbutt the hobgoblin.
The orc priest invokes the aid of Beogh against you.
Beogh smites you!
You die...

#.............
#...........<##..
#.............#.#
#...............# #.
#.....[......... ...
#..........##..#....
#...................
......[@............
......)g####[.......
##..$.....†Z>.......
#........o.......###
.....S.########..#
......# ### #.....
##.... ##...


You could see an orc priest, a hobgoblin and a ball python.

Vanquished Creatures
  Sigmund (D:2)
  A hound (D:3)
  3 adders
  2 dart slugs
  6 orcs
  2 ball pythons
  3 bats
  5 endoplasms
  4 giant cockroaches
  4 hobgoblins
  3 quokkas
  2 frilled lizards (D:2)
  4 goblins
  5 kobolds
  5 rats
50 creatures vanquished.

Notes
Turn   | Place    | Note
-------+----------+-------------------------------------------
     0 | D:1      | Iepvzaeh the Minotaur Berserker began the quest for the
                  | Orb.
     0 | D:1      | Reached XP level 1. HP: 19/19 MP: 0/0
   193 | D:1      | Reached skill level 4 in Polearms
   193 | D:1      | Reached XP level 2. HP: 27/27 MP: 1/1
   482 | D:1      | Found a faded altar of an unknown god.
  1097 | D:2      | Noticed Sigmund
  1703 | D:2      | Killed Sigmund
  1704 | D:2      | Reached skill level 5 in Polearms
  1704 | D:2      | Reached skill level 1 in Throwing
  1704 | D:2      | Reached XP level 3. HP: 29/34 MP: 2/2
  1704 | D:2      | Reached XP level 4. HP: 34/41 MP: 3/3
  1704 | D:2      | Reached XP level 5. HP: 40/47 MP: 4/4
  1970 | D:2      | Found a basalt altar of Yredelemnul.
  2201 | D:3      | Reached ** piety under Trog
  2866 | D:4      | Reached XP level 6. HP: 47/55 MP: 5/5
  2924 | D:4      | Killed from afar by an orc priest

Illustrated notes

Levels and vault maps discovered:
D:1:      noname_arrival_rooms_in_the_neighbourhood, layout_loops_corners,
          shapermc_ecumenical_altar_notcrosses, minmay_misc_feat_secret_circle
D:2:      layout_rooms, basic_altar, corexii_item_surrounded_by_moat,
          minmay_small_reverse_x, uniq_sigmund
D:3:      layout_loops_ring, nicolae_underground_beach
D:4:      minmay_chambers_of_fours, layout_rooms, kennysheep_generic_room_11

Skill      XL: |  1  2  3  4  5 |
---------------+----------------+-----
Polearms       | 4 5 |  5.3
Fighting       | 4 |  4.8
Throwing       | 1 |  1.8
Armour         | 4 |  4.3
Dodging        | 3 |  3.1
Stealth        | |  0.2

Action                   |  1- 3 |  4- 6 || total
-------------------------+-------+-------++-------
Melee: Spear             |    58 |    63 ||   121
       Headbutt          |     5 |    10 ||    15
Throw: Boomerang         |    12 |    29 ||    41
Invok: Berserk           |     1 |       ||     1
Armor: Ring mail         |    15 |    24 ||    39
       Animal skin       |     1 |       ||     1
Dodge: Dodged            |    18 |    35 ||    53
Block: Buckler           |       |     3 ||     3
